 Dungeon Crawl Stone Soup version 0.19.0-11-g3fc08b3 (webtiles) character file.

226 thirtiethelement the Magician (level 6, 0/41 HPs)
             Began as an Octopode Wanderer on Nov 9, 2016.
             Slain by a howler monkey (6 damage)
             ... on level 4 of the Dungeon.
             The game lasted 00:20:48 (2035 turns).

thirtiethelement the Magician (Octopode Wanderer)   Turns: 2035, Time: 00:20:49

Health: 0/41       AC:  1    Str: 12    XL:     6   Next: 1%
Magic:  3/10       EV: 13    Int: 15    God:
Gold:   187        SH:  0    Dex: 12    Spells: 3 memorised, 7 levels left

rFire  . . .     SeeInvis .       - Unarmed
rCold  . . .     Gourm    .     (no shield)
rNeg   . . .     Faith    .     (helmet restricted)
rPois  .         Spirit   .     e - amulet of harm
rElec  .         Reflect  .     k - ring of flight
rCorr  .         Harm     +     (no ring)
MR     .....                    (no ring)
Stlth  +++.......               (no ring)
                                (no ring)
                                (no ring)
                                (no ring)
                                (no ring)

@: very slightly contaminated
A: almost no armour, stealthy swim, amphibious, 8 rings, constrict 8, camouflage
1, gelatinous body 1
a: Evoke Flight


You were on level 4 of the Dungeon.
You were not hungry.

You visited 1 branch of the dungeon, and saw 4 of its levels.

You collected 187 gold pieces.

Inventory:

Hand Weapons
 o - a +1 dagger of electrocution
 v - a +0 mace of draining
Missiles
 m - 3 javelins (quivered)
Jewellery
 e - an amulet of harm (around mantle)
 k - a ring of flight (left tentacle)
 y - a cursed amulet of inaccuracy
Wands
 r - a wand of flame (33/48)
Scrolls
 h - 4 scrolls of teleportation
 j - a scroll of recharging
 l - 2 scrolls of remove curse
 p - 2 scrolls of enchant weapon
Potions
 c - 2 potions of lignification
 f - a potion of mutation {unknown}
 i - 2 potions of heal wounds {unknown}
 n - a potion of brilliance
 q - 3 potions of flight
 t - a potion of resistance {unknown}
 w - a potion of ambrosia {unknown}
Books
 a - a book of Flames

   Spells                             Type                      Level
   a - Flame Tongue                   Conjuration/Fire             1
   b - Throw Flame                    Conjuration/Fire             2
   c - Conjure Flame                  Conjuration/Fire             3
   d - Inner Flame                    Hexes/Fire                   3
   e - Sticky Flame                   Conjuration/Fire             4
   f - Fireball                       Conjuration/Fire             5
 b - Mocentuck's Guide on Intoxication

   Spells                             Type                      Level
   a - Sting                          Conjuration/Poison           1
   b - Ignite Poison                  Fire/Transmutation/Poison    3
 u - a book of Maledictions

   Spells                             Type                      Level
   a - Corona                         Hexes                        1
   b - Ensorcelled Hibernation        Hexes/Ice                    2
   c - Confuse                        Hexes                        3
   d - Tukima's Dance                 Hexes                        3
   e - Dazzling Spray                 Conjuration/Hexes            3
Comestibles
 g - 2 fruits
 s - a meat ration
 z - 2 bread rations


   Skills:
 * Level 2.7 Fighting
   Level 1.0 Bows
 - Level 1.0 Throwing
 * Level 1.5 Dodging
 + Level 1.3 Stealth
   Level 1.0 Shields
 * Level 1.5 Unarmed Combat
 + Level 3.1 Spellcasting
 * Level 2.4 Conjurations
 * Level 3.0 Fire Magic
 + Level 0.8 Poison Magic
 + Level 0.7 Evocations


You had 7 spell levels left.
You knew the following spells:

 Your Spells              Type           Power        Failure   Level  Hunger
a - Flame Tongue          Conj/Fire      ##...        10%         1    #......
b - Sting                 Conj/Pois      #...         12%         1    #......
c - Throw Flame           Conj/Fire      ##....       12%         2    ##.....


Dungeon Overview and Level Annotations

Branches:
Dungeon (4/15)
 Temple: D:4-7

Altars:
Elyvilon
Okawaru

Annotations:
D:4 shinino's ghost, novice DEHu


Innate Abilities, Weirdness & Mutations

You cannot wear most types of armour.
You are very stealthy in the water. (Stealth+)
You are amphibious.
You can wear up to eight rings at the same time.
You can use your tentacles to constrict eight enemies at once.
Your skin changes colour to match your surroundings (Stealth+).
Your rubbery body absorbs attacks. (AC +1, EV +1)


Message History

The water moccasin skeleton bites you.
* * * LOW HITPOINT WARNING * * *
You closely miss the water moccasin skeleton.
You grab the water moccasin skeleton.
The water moccasin skeleton is severely damaged.
You constrict the water moccasin skeleton.
The howler monkey completely misses you.
The water moccasin skeleton bites you.
* * * LOW HITPOINT WARNING * * *
You barely miss the water moccasin skeleton.
You squeeze the water moccasin skeleton!
You destroy the water moccasin skeleton!
Your Spellcasting skill increases to level 3!
Your Fire Magic skill increases to level 3!
You have reached level 6!
Your experience leads to an increase in your attributes!
Increase (S)trength, (I)ntelligence, or (D)exterity?
You feel clever. The howler monkey hits you.
You die...

.. .. . .... # #... .#
#. #. #..#.# #...#.# #.
#.##..#.# #...#.# #.
#.......# # #...#.# #.
#..†#### ##.#..(..#
#.####.#>....
.........###.....†...##.
#..........#####.###.
#@h####.# ### ##
#.......####
#..........#
.............#.#
..........<..# #
..###.........# .
#..........#
#.......#### #......##


You could see a howler monkey.

Vanquished Creatures
  An ice beast (D:3)
  A water moccasin skeleton (D:4)
  Terence (D:2)
  An adder (D:4)
  2 oozes
  A dart slug (D:1)
  2 leopard geckos
  An orc (D:3)
  6 bats
  2 giant cockroaches (D:3)
  6 goblins
  3 hobgoblins (D:3)
  A quokka (D:2)
  A ball python (D:1)
  5 frilled lizards
  6 kobolds
  A leopard gecko skeleton (D:4)
  6 rats
47 creatures vanquished.

Notes
Turn   | Place    | Note
-------+----------+-------------------------------------------
     0 | D:1      | thirtiethelement the Octopode Wanderer began the quest for the Orb.
     0 | D:1      | thirtiethelement set off with: a book of Flames, Mocentuck's Guide on Intoxication, a potion of lignification, a +0 club, a bread ration
     0 | D:1      | Reached XP level 1. HP: 14/14 MP: 3/3
     2 | D:1      | Learned a level 1 spell: Flame Tongue
     5 | D:1      | Learned a level 1 spell: Sting
   246 | D:1      | Reached XP level 2. HP: 11/19 MP: 0/5
   675 | D:2      | Found a white marble altar of Elyvilon.
   814 | D:2      | Learned a level 2 spell: Throw Flame
   852 | D:2      | Reached XP level 3. HP: 19/24 MP: 2/6
   876 | D:2      | Noticed Terence
   884 | D:2      | Killed Terence
   884 | D:2      | Reached skill level 1 in Unarmed Combat
  1043 | D:3      | Noticed an ice beast
  1221 | D:3      | Reached skill level 1 in Dodging
  1366 | D:3      | Reached XP level 4. HP: 15/30 MP: 7/7
  1396 | D:3      | Found an iron altar of Okawaru.
  1572 | D:3      | Killed an ice beast
  1572 | D:3      | Reached skill level 1 in Stealth
  1572 | D:3      | Reached XP level 5. HP: 35/35 MP: 1/9
  1742 | D:4      | Noticed shinino's ghost (novice DEHu)
  1879 | D:4      | Noticed an ogre
  2032 | D:4      | HP: 1/35 [water moccasin skeleton (4)]
  2035 | D:4      | Reached XP level 6. HP: 6/41 MP: 3/10
  2035 | D:4      | Slain by a howler monkey

Skill      XL: |  1  2  3  4  5 |
---------------+----------------+-----
Unarmed Combat | 1 |  1.5
Dodging        | 1 |  1.5
Stealth        | 1 |  1.3
Conjurations   | 2 |  2.4
Spellcasting   | 3 |  3.1
Fire Magic     | 3 |  3.0
Fighting       | |  2.7
Bows           | |  1.0
Throwing       | |  1.0
Shields        | |  1.0
Poison Magic   | |  0.8
Evocations     | |  0.7

Action                   |  1- 3 |  4- 6 || total
-------------------------+-------+-------++-------
Melee: Unarmed           |    29 |    19 ||    48
       Constrict         |    10 |     7 ||    17
       Tentacles         |     5 |     4 ||     9
Throw: Javelin           |       |     1 ||     1
 Cast: Flame Tongue      |    24 |     8 ||    32
       Sting             |    14 |     5 ||    19
       Throw Flame       |     4 |     8 ||    12
Evoke: Wand              |       |    12 ||    12
  Use: Scroll            |    14 |     4 ||    18
       Potion            |       |     2 ||     2
 Stab: Sleeping          |     1 |       ||     1
  Eat: Bread ration      |     1 |       ||     1
       Pizza             |       |     1 ||     1
Armor: Skin              |     6 |       ||     6
Dodge: Dodged            |    27 |    18 ||    45
